 Dungeon Crawl Stone Soup version 0.23-a0-629-gae4348f (webtiles) character file.

1369 KristoblXynda the Chopper (level 8, -4/103 HPs)
             Began as a Naga Fighter on Dec 25, 2018.
             Was a Follower of Cheibriados.
             Slain by a gnoll
             ... wielding a +0 flail
              (9 damage)
             ... on level 6 of the Dungeon.
             The game lasted 00:09:28 (5852 turns).

KristoblXynda the Chopper (Naga Fighter)            Turns: 5852, Time: 00:09:29

Health: -4/103     AC:  9    Str: 27    XL:     8   Next: 65%
Magic:  8/8        EV: 12    Int: 12    God:    Cheibriados [*.....]
Gold:   211        SH: 11    Dex: 17    Spells: 7/7 levels left

rFire    . . .     SeeInvis +   a - +1 war axe
rCold    . . .     Gourm    .   c - +0 shield
rNeg     . . .     Faith    .   l - +2 leather armour {MR+}
rPois    +         Spirit   .   s - +1 helmet
rElec    .         Reflect  .   (no cloak)
rCorr    .         Harm     .   (no gloves)
MR       ++...                  (no barding)
Stlth    ..........             t - amulet of magic regeneration
HPRegen  0.27/turn              h - ring of flight
MPRegen  0.36/turn              (no ring)

@: agile, berserking, lethally poisoned (-4 -> -4), flying, hasted, very slow
A: large, see invisible, deformed body, poison resistance, slowness 2, slow
metabolism 1, spit poison 1, AC +2
a: Spit Poison, Bend Time, Renounce Religion


You were on level 6 of the Dungeon.
You worshipped Cheibriados.
Cheibriados was aware of your devotion.
You were not hungry.

You visited 2 branches of the dungeon, and saw 7 of its levels.

You collected 211 gold pieces.

Inventory:

Hand Weapons
 a - a +1 war axe (weapon)
 q - a +1 hand axe of chopping
Armour
 c - a +0 shield (worn)
 l - a +2 leather armour of magic resistance (worn)
 s - a +1 helmet (worn)
Jewellery
 b - an uncursed amulet of the acrobat {unknown}
 h - a ring of flight (left hand)
 t - an amulet of magic regeneration (around neck)
Wands
 o - a wand of clouds (3)
Scrolls
 e - a scroll of fog
 i - 3 scrolls of remove curse
 j - a scroll of enchant weapon
 m - 2 scrolls of teleportation
 u - 3 scrolls of identify {unknown}
Potions
 d - a potion of might
 g - a potion of flight
 k - a potion of brilliance {unknown}
 p - a potion of haste
 r - a potion of agility
Comestibles
 f - 10 rations


   Skills:
 - Level 3.0 Fighting
 * Level 7.6 Axes
 + Level 4.9 Armour
 + Level 4.9 Shields


You had 7 spell levels left.
You didn't know any spells.
Your spell library contained the following spells:

 Spells                   Type           Power        Failure   Level  Hunger
 Animate Skeleton         Necr           N/A          65%         1    ##.....
 Magic Dart               Conj           #...         65%         1    ##.....
 Pain                     Necr           #...         65%         1    ##.....
 Blink                    Tloc           N/A          80%         2    ###....
 Call Imp                 Summ           #.......     80%         2    ###....
 Slow                     Hex            #.......     80%         2    ###....
 Conjure Flame            Conj/Fire      #.......     95%         3    ####...
 Mephitic Cloud           Conj/Pois/Air  #.......     95%         3    ####...
 Regeneration             Chrm/Necr      #.........   95%         3    ####...
 Vampiric Draining        Necr           #.........   95%         3    ####...
 Animate Dead             Necr           N/A          100%        4    #####..


Dungeon Overview and Level Annotations

Branches:
Dungeon (6/15)             Temple (1/1) D:4

Altars:
Ashenzari
Cheibriados
Fedhas
Gozag
Hepliaklqana
Kikubaaqudgha
Makhleb
Nemelex Xobeh
Okawaru
Qazlal
Ru
Sif Muna
Trog
Uskayaw
Vehumet
Wu Jian
Xom
Yredelemnul
Zin
The Shining One

Shops:
D:4 %


Innate Abilities, Weirdness & Mutations

You cannot wear boots.
Your serpentine skin is tough. (AC +2)
You have supernaturally acute eyesight. (SInv)
Armour fits poorly on your strangely shaped body.
Your system is resistant to poisons. (rPois)
You cover ground very slowly.
You have a slow metabolism.
You can spit poison.


Message History

Unknown command.
It was a potion of flight.
You feel very buoyant.
You fly up into the air.
The gnoll barely misses you. The jackal misses you.
Unknown command.
It was a potion of berserk rage.
A red film seems to cover your vision as you go berserk!
Cheibriados protects you from inadvertent hurry.
You feel mighty!
You feel sick. You block the gnoll's attack.
The jackal bites you but does no damage.
The gnoll hits you but does no damage.
Unknown command.
You closely miss the gnoll. You hit the jackal.
You kill the jackal!
Cheibriados thoroughly appreciates the change of pace.
You closely miss the gnoll. The gnoll closely misses you.
Unknown command.
Your shield prevents you from hitting the gnoll.
You hit the gnoll. The gnoll hits you with a +0 flail!
You die...

# .. ######## . ..
........ .# ..# ########
.## #... ###### ...
..... .....# #.##.....
.....# #gW...... .....#
#@†...... ....[###.
##§go..... .........
#####...l..... .....####
#..........^.. .......#
##.####........
.....#..##..# ###.......
..#####.#..###.....#.#..
..# #....#....#.#...##.
.## #.#.........#....


You could see a phantom, 2 gnolls, an orc and a leopard gecko.

Vanquished Creatures
  Grinder (D:5)
  Eustachio (D:4)
  An ogre (D:4)
  A centaur (D:5)
  A scorpion (D:4)
  2 howler monkeys
  3 crimson imps
  A quasit (D:5)
  A centaur zombie (D:6)
  A hound (D:4)
  3 orc priests
  2 orc wizards (D:4)
  Ijyb (D:3)
  8 worker ants
  2 gnolls (D:6)
  A howler monkey zombie (D:5)
  6 adders
  A shadow imp (D:5)
  3 oozes
  3 worms
  A dart slug (D:1)
  3 leopard geckos
  13 orcs
  A ball python (D:1)
  5 bats
  6 giant cockroaches
  6 goblins
  6 hobgoblins
  10 jackals
  A quokka (D:4)
  7 frilled lizards
  7 kobolds
  9 rats
118 creatures vanquished.

Notes
Turn   | Place    | Note
-------+----------+-------------------------------------------
     0 | D:1      | KristoblXynda the Naga Fighter began the quest for the Orb.
     0 | D:1      | Reached XP level 1. HP: 21/21 MP: 1/1
   132 | D:1      | Reached XP level 2. HP: 21/28 MP: 2/2
   404 | D:1      | Reached XP level 3. HP: 23/34 MP: 3/3
   838 | D:2      | Reached skill level 3 in Axes
  1302 | D:2      | Reached XP level 4. HP: 42/42 MP: 4/4
  1550 | D:3      | Found a deep blue altar of Sif Muna.
  1551 | D:3      | Found a shimmering altar of Xom.
  2067 | D:3      | Reached XP level 5. HP: 28/49 MP: 5/5
  2083 | D:3      | Reached skill level 4 in Axes
  2501 | D:3      | Noticed Ijyb
  2513 | D:3      | Killed Ijyb
  2798 | D:4      | Reached XP level 6. HP: 20/56 MP: 6/6
  3291 | D:4      | Noticed Eustachio
  3367 | D:4      | Found an ornate altar of the Wu Jian Council.
  3915 | D:4      | Killed Eustachio
  3915 | D:4      | Reached skill level 5 in Axes
  3915 | D:4      | Reached XP level 7. HP: 30/62 MP: 7/7
  4387 | D:4      | Found Ositwini's Food Shop.
  4399 | D:4      | Found a sparkling altar of Nemelex Xobeh.
  4422 | D:4      | Found a shimmering altar of Xom.
  4445 | D:4      | Reached skill level 6 in Axes
  4766 | D:4      | Found a stormy altar of Qazlal.
  4943 | D:4      | Found a staircase to the Ecumenical Temple.
  5100 | Temple   | Entered the Ecumenical Temple
  5117 | Temple   | Became a worshipper of Cheibriados the Contemplative
  5155 | D:5      | Entered Level 5 of the Dungeon
  5217 | D:5      | Reached XP level 8. HP: 69/69 MP: 8/8
  5225 | D:5      | Found a blossoming altar of Fedhas.
  5530 | D:5      | Noticed Grinder
  5531 | D:5      | Paralysed by Grinder for 4 turns
  5557 | D:5      | Reached skill level 7 in Axes
  5561 | D:5      | Killed Grinder
  5792 | D:6      | Found a bloodstained altar of Trog.
  5823 | D:6      | Reached * piety under Cheibriados
  5848 | D:6      | HP: 3/69 [phantom (1)]
  5852 | D:6      | Slain by a gnoll

Vault maps used:
D:1:      psy_arrival_statuary
D:3:      gammafunk_temple_overflow_statue, first_ration, dk_vineyard_2,
          minmay_misc_feat_cross, uniq_ijyb
D:4:      minmay_recursive_quarters, nemelex_xobeh_ov_fountains_minmay,
          kennysheep_mini, grunt_qazlal_sundering, temple_statues, serial_shops,
          kennysheep_little_box, led_xom_imps, uniq_eustachio
D:5:      lemuel_doored_altar, glass_columns_a, uniq_grinder
D:6:      overflow_temple_1_default, ebering_ghost_sewer_d
Temple:   cyrus_circular_temple

Skill      XL: |  1  2  3  4  5  6  7  8 |
---------------+-------------------------+-----
Axes           | 3 4 5 6 7 |  7.6
Shields        | 3 4 |  4.9
Armour         | 3 4 |  4.9
Fighting       | |  3.0

Action                   |  1- 3 |  4- 6 |  7- 9 || total
-------------------------+-------+-------+-------++-------
Melee: War axe           |   139 |    97 |   221 ||   457
       Hand axe          |       |   125 |       ||   125
 Abil: Spit Poison       |       |     6 |     4 ||    10
  Use: Scroll            |       |     8 |       ||     8
       Potion            |       |       |     4 ||     4
  Eat: Chunk             |     1 |     4 |     2 ||     7
       Ration            |       |     1 |     1 ||     2
Armor: Scale mail        |    64 |   120 |       ||   184
       Leather armour    |       |       |   103 ||   103
Dodge: Dodged            |    40 |    60 |    82 ||   182
Block: Shield            |    66 |   135 |   116 ||   317

Table legend:
 A = Non-vault XP
 B = Vault XP
 C = Vault XP percentage of total XP
 D = Non-vault monster count
 E = Vault monster count
 F = Vault count percentage of total count
                 A         B        C        D         E       F
            +---------+---------+-------+---------+---------+-------
      Total |    1226 |     730 |  37.3 |     108 |      10 |   8.5
            +---------+---------+-------+---------+---------+-------
        D:1 |      39 |       0 |   0.0 |      19 |       0 |   0.0
        D:2 |      46 |       0 |   0.0 |      20 |       0 |   0.0
        D:3 |     145 |      36 |  19.9 |      25 |       1 |   3.8
        D:4 |     426 |     427 |  50.1 |      21 |       8 |  27.6
        D:5 |     437 |     267 |  37.9 |      14 |       1 |   6.7
        D:6 |     133 |       0 |   0.0 |       9 |       0 |   0.0
            +---------+---------+-------+---------+---------+-------
